 Dungeon Crawl Stone Soup version 0.30-a0-358-g0d69a1922f (webtiles) character file.

Game seed: 14997593725748661966

4264 mopl the Skirmisher (level 10, -3/78 HPs)
             Began as a Minotaur Hunter on Nov 10, 2022.
             Was an Elder of Okawaru.
             Killed from afar by a gargoyle (18 damage)
             ... with a stone arrow
             ... on level 7 of the Dungeon.
             The game lasted 00:09:15 (6209 turns).

mopl the Skirmisher (Minotaur Hunter)               Turns: 6209, Time: 00:09:15

Health: -3/78      AC: 10    Str: 21    XL:     10   Next: 10%
Magic:  0/15       EV: 11    Int:  6    God:    Okawaru [****..]
Gold:   782        SH:  0    Dex: 13    Spells: 9/9 levels left

rFire   + + .      SeeInvis .    b - +6 war axe "Leiseb" {vamp, rF+ rC+++ Will+ Stlth-}
rCold   + + +      Faith    .    (no shield)
rNeg    . . .      Spirit   +    C - +0 chain mail
rPois   +          Reflect  .    (helmet restricted)
rElec   .          Harm     .    (no cloak)
rCorr   .          Rampage  .    (no gloves)
Will    +....                    (no boots)
Stlth   ..........               G - amulet of guardian spirit
HPRegen 0.33/turn                t - ring of protection from fire
MPRegen 0.14/turn                g - ring of poison resistance

@: heroic
A: horns 2, retaliatory headbutt
a: Renounce Religion, Heroism, Finesse


You were on level 7 of the Dungeon.
You worshipped Okawaru.
Okawaru was greatly pleased with you.
You visited 1 branch of the dungeon, and saw 7 of its levels.
You also visited: Sewer.

You collected 782 gold pieces.

Inventory:

Hand Weapons
 a - a +0 shortbow
 b - the +6 war axe "Leiseb" (weapon) {vamp, rF+ rC+++ Will+ Stlth-}
   (You found it in a sewer)

   It occasionally heals its wielder for a portion of the damage dealt when it
   wounds a living foe.
   rF:        It protects you from fire.
   rC:        It renders you almost immune to cold.
   Will:      It increases your willpower.
   Stlth:     It makes you less stealthy.
 F - a +0 vorpal broad axe
Armour
 C - a +0 chain mail (worn)
Jewellery
 c - a ring of wizardry
 g - a ring of poison resistance (right hand)
 t - a ring of protection from fire (left hand)
 G - an amulet of guardian spirit (around neck)
Wands
 i - a wand of flame (33)
 j - a wand of polymorph (9)
 D - a wand of acid (13)
Scrolls
 d - 2 scrolls of fear {unknown}
 e - 2 scrolls of poison {unknown}
 f - 3 scrolls of blinking {unknown}
 l - 6 scrolls of teleportation {unknown}
 q - 2 scrolls of vulnerability {unknown}
 s - a scroll of magic mapping {unknown}
 u - 3 scrolls of enchant armour {unknown}
 y - a scroll of immolation
 E - 2 scrolls of noise {unknown}
 H - a scroll of brand weapon {unknown}
 I - 2 scrolls of amnesia {unknown}
Potions
 h - a potion of berserk rage {unknown}
 k - 3 potions of might {unknown}
 m - 2 potions of flight
 n - 3 potions of curing {unknown}
 o - a potion of attraction
 p - 2 potions of ambrosia {unknown}
 r - 2 potions of heal wounds
 v - a potion of lignification {!q}
 w - 2 potions of mutation {unknown}
 x - 2 potions of invisibility {unknown}
 z - 2 potions of magic {unknown}
 A - 2 potions of haste
 B - a potion of brilliance


   Skills:
 + Level 3.9(8.9) Fighting
 + Level 2.5(7.5) Axes
 * Level 12.5(17.5) Ranged Weapons
 + Level 2.9(7.9) Armour
 + Level 3.5(8.5) Dodging
 - Level 0.7(5.7) Stealth
 - Level 8.0 Invocations
 + Level 2.1 Evocations


You had 9 spell levels left.
You didn't know any spells.
Your spell library contained the following spells:

 Spells                   Type           Power      Damage    Failure   Level
 Necrotise                Necr           0%         1d4       98%         1
 Cigotuvi's Dreadful Rot  Necr/Pois/Air  0%         N/A       99%         2
 Ensorcelled Hibernation  Hex/Ice        0%         N/A       99%         2
 Passwall                 Tmut/Erth      0%         N/A       99%         2
 Poisonous Vapours        Pois/Air       0%         N/A       99%         2
 Mephitic Cloud           Conj/Pois/Air  0%         N/A       100%        3
 Swiftness                Air            0%         N/A       100%        3
 Vampiric Draining        Necr           0%         2d6       100%        3
 Agony                    Necr           0%         N/A       100%        5


Dungeon Overview and Level Annotations

Branches:
Dungeon (7/15)             Temple (0/1) D:5           Sewer (visited)

Altars:
Ashenzari
Dithmenos
Gozag
Kikubaaqudgha
Okawaru
Qazlal
Sif Muna
Trog
Uskayaw
The Shining One

Shops:
D:6 =


Innate Abilities, Weirdness & Mutations

You have a pair of horns on your head.
You reflexively headbutt those who attack you in melee.


Message History

The gargoyle is moderately damaged.
The gargoyle hits you with a +0 morningstar.
You barely miss the gargoyle. Your headbutt misses the gargoyle.
The gargoyle is moderately damaged.
The gargoyle closely misses you. You furiously retaliate!
You headbutt the gargoyle. You slash the gargoyle!
You headbutt the gargoyle, but do no damage.
The gargoyle is severely damaged.
The gargoyle hurls a stone arrow at you.
The stone arrow hits you!
You barely miss the gargoyle.
The gargoyle is severely damaged.
The gargoyle hurls a stone arrow at you.
The stone arrow hits you!
You slash the gargoyle!
You destroy the gargoyle!
Okawaru accepts your kill.
You barely miss the gargoyle. The gargoyle hits you with a +0 mace!
You are too injured to fight recklessly!
You slash the gargoyle!
The gargoyle is heavily damaged.
The gargoyle hits you with a +0 mace! x2
* * * LOW HITPOINT WARNING * * *
You hit the gargoyle.
The gargoyle is severely damaged.
The gargoyle hits you with a +0 mace.
* * * LOW HITPOINT WARNING * * *
You hit the gargoyle.
You headbutt the gargoyle, but do no damage.
The gargoyle is severely damaged.
The gargoyle closely misses you.
You hit the gargoyle.
The gargoyle is almost destroyed.
The gargoyle hits you but does no damage.
You hit the gargoyle.
The gargoyle is almost destroyed.
The gargoyle hurls a stone arrow at you.
The stone arrow hits you!!
You die...

..............# #.......#
..####.#......##+.......+#
..# #........# ....8....#
..####........# +...9....#
..............# #.......#
............#.###......+
..#...##..###..#:##...##
..###......###.###8.9.8# .
..# #####.......@##...##...
#.# .......9).......# #.###
#####.......#####
#...##########...........#
###............##...####...
###############...# # #...#
#####


You could see a gargoyle.

Vanquished Creatures
  Pikel (D:5)
  A gargoyle (D:7)
  Maggie (D:7)
  Grinder (D:5)
  A wyvern (D:6)
  2 water moccasins
  A sky beast (D:6)
  An orc warrior (D:6)
  3 ice beasts
  3 ogres
  A centaur (D:7)
  A lemure (D:5)
  5 phantoms
  2 necrophages
  A kobold brigand (Sewer)
  Blork the orc (D:5)
  2 bullfrogs (D:7)
  7 scorpions (D:5)
  2 jellies
  8 hounds
  2 orc priests (D:6)
  4 iguanas
  11 adders
  A shadow imp (D:7)
  2 white imps
  3 ufetubi
  5 worms
  9 orcs
  13 endoplasms
  7 giant cockroaches
  5 goblins
  8 hobgoblins
  2 jackals (D:2)
  16 kobolds
  4 quokkas
  9 ball pythons
  6 bats
  3 frilled lizards
  5 rats
160 creatures vanquished.

Vanquished Creatures (others)
  A fungus (D:2)
1 creature vanquished.

Grand Total: 161 creatures vanquished

Notes
Turn   | Place    | Note
-------+----------+-------------------------------------------
     0 | D:1      | mopl the Minotaur Hunter began the quest for the Orb.
     0 | D:1      | Reached XP level 1. HP: 18/18 MP: 0/0
   137 | D:1      | Reached XP level 2. HP: 25/25 MP: 1/1
   150 | D:1      | Reached skill level 5 in Ranged Weapons
   640 | D:2      | Reached XP level 3. HP: 30/30 MP: 2/2
   782 | D:2      | Reached skill level 6 in Ranged Weapons
   784 | D:2      | Found Neum's Weapon Boutique.
   881 | D:2      | Reached XP level 4. HP: 32/37 MP: 3/3
  1287 | D:2      | Found a faded altar of an unknown god.
  1533 | D:3      | Found a stormy altar of Qazlal.
  2155 | D:4      | Noticed a necrophage
  2155 | D:4      | Noticed a necrophage
  2181 | D:3      | Killed a necrophage
  2182 | D:3      | Reached skill level 7 in Ranged Weapons
  2182 | D:3      | Reached XP level 5. HP: 17/42 MP: 4/4
  2466 | D:4      | Found an iron altar of Okawaru.
  2471 | D:4      | Became a worshipper of Warmaster Okawaru
  2778 | D:3      | Found a glowing golden altar of the Shining One.
  2778 | D:3      | Found a shadowy altar of Dithmenos.
  2876 | D:5      | Entered Level 5 of the Dungeon
  2876 | D:5      | Noticed Grinder
  2904 | D:5      | Reached skill level 8 in Ranged Weapons
  2904 | D:5      | Reached XP level 6. HP: 50/50 MP: 5/5
  2931 | D:5      | Found a bloodstained altar of Trog.
  2956 | D:5      | Reached skill level 1 in Invocations
  2972 | D:5      | Found a glowing drain.
  2996 | Sewer    | Entered a sewer
  3153 | Sewer    | Reached skill level 2 in Invocations
  3165 | Sewer    | Identified the +6 war axe "Leiseb" {vamp, rF+ rC+++ Will+
                  | Stlth-}
  3327 | D:5      | Noticed Blork the orc
  3341 | D:5      | Killed Blork the orc
  3341 | D:5      | Reached * piety under Okawaru
  3342 | D:5      | Reached skill level 3 in Invocations
  3342 | D:5      | Reached XP level 7. HP: 4/56 MP: 8/8
  3709 | D:5      | Found a shimmering blue altar of Sif Muna.
  3774 | D:5      | Found a staircase to the Ecumenical Temple.
  3886 | D:5      | Paralysed by Grinder for 5 turns
  3893 | D:5      | Killed Grinder
  3894 | D:5      | Reached skill level 9 in Ranged Weapons
  3894 | D:5      | Reached skill level 4 in Invocations
  4108 | D:5      | Reached skill level 5 in Invocations
  4108 | D:5      | Reached XP level 8. HP: 50/62 MP: 10/10
  4122 | D:5      | Reached ** piety under Okawaru
  4167 | D:5      | Reached skill level 10 in Ranged Weapons
  4470 | D:5      | Reached skill level 6 in Invocations
  4644 | D:5      | Noticed Pikel
  4653 | D:5      | Reached skill level 11 in Ranged Weapons
  4661 | D:5      | Killed Pikel
  4661 | D:5      | Reached *** piety under Okawaru
  4662 | D:5      | Reached skill level 7 in Invocations
  4662 | D:5      | Reached XP level 9. HP: 59/68 MP: 13/13
  4671 | D:5      | Reached **** piety under Okawaru
  4745 | D:6      | Found Cefil's Jewellery Shoppe.
  4955 | D:6      | HP: 3/68 [wyvern (11)]
  4958 | D:6      | Reached skill level 8 in Invocations
  5216 | D:6      | Found an opulent altar of Gozag.
  5329 | D:6      | Reached skill level 12 in Ranged Weapons
  5389 | D:6      | Found an ancient bone altar of Kikubaaqudgha.
  5430 | D:6      | Reached skill level 1 in Armour
  5470 | D:6      | Reached skill level 1 in Evocations
  5620 | D:6      | Reached skill level 3 in Fighting
  5670 | D:6      | Found a hide-covered altar of Uskayaw.
  5670 | D:6      | Found a broken altar of Ashenzari.
  5922 | D:7      | Noticed Maggie
  5927 | D:7      | Reached skill level 1 in Axes
  5931 | D:7      | Killed Maggie
  5932 | D:7      | Reached skill level 2 in Armour
  5932 | D:7      | Reached skill level 3 in Dodging
  5956 | D:7      | Reached skill level 2 in Axes
  6142 | D:7      | Reached XP level 10. HP: 42/78 MP: 7/15
  6181 | D:7      | Reached skill level 2 in Evocations
  6191 | D:7      | Noticed a gargoyle
  6191 | D:7      | Noticed a gargoyle
  6204 | D:7      | Killed a gargoyle
  6209 | D:7      | Killed from afar by a gargoyle

Illustrated notes

Levels and vault maps discovered:
D:1:      dpeg_arrival_pits, layout_loops_ring
D:2:      layout_basic, shapermc_ecumenical_altar_petra, serial_shops,
          shop_statue
D:3:      minmay_chambers_of_threes, layout_basic, grunt_qazlal_clouds,
          nicolae_overflow_hidden_temple
D:4:      layout_loops_ring, okawaru_trees_1
D:5:      minmay_polygon_palace, layout_cave_pools, bloody_trog,
          marbit_many_paths, minmay_temple_entry_from_below_a,
          cheibrodos_sewer_entry_bend, minmay_misc_feat_square,
          minmay_misc_feat_tower, uniq_blork_the_orc, uniq_pikel, uniq_grinder
D:6:      layout_basic, mainiacjoe_overflow_boulevard, grunt_gozag_statues,
          gammafunk_temple_overflow_wave, serial_shops, nicolae_diamond_shop,
          minmay_misc_feat_doors, serial_park_tiny_pond, grunt_decor_junction
D:7:      cheibrodos_statue_roulette, layout_rooms, uniq_maggie

Skill      XL: |  1  2  3  4  5  6  7  8  9 10 |
---------------+-------------------------------+-----
Ranged Weapons | 5 6 7 8 9 11 12 | 12.5
Invocations    | 3 5 7 8 |  8.0
Armour         | 2 |  2.9
Evocations     | 1 2 |  2.1
Fighting       | 3 |  3.9
Axes           | 2 |  2.5
Dodging        | 3 |  3.5
Stealth        | |  0.7

Action                   |  1- 3 |  4- 6 |  7- 9 | 10-12 || total
-------------------------+-------+-------+-------+-------++-------
Melee: War axe           |       |     6 |    85 |    11 ||   102
       Headbutt          |       |     1 |    10 |     4 ||    15
       Punch             |       |       |     6 |       ||     6
 Fire: Shortbow          |    85 |   193 |   221 |     6 ||   505
Invok: Heroism           |       |       |     9 |     1 ||    10
  Use: Scroll            |       |       |     5 |       ||     5
       Potion            |       |       |     1 |       ||     1
Armor: Leather armour    |     9 |    14 |    23 |       ||    46
       Chain mail        |       |       |    47 |     4 ||    51
Dodge: Dodged            |    23 |    57 |   137 |     5 ||   222

Table legend: (Time is in decaauts)
 A = Elapsed time spent in this place.
 B = Non-inter-level travel time spent in this place.
 C = Inter-level travel time spent in this place.
 D = Time resting spent in this place.
 E = Time spent auto-exploring this place.
 F = Levels seen in this place.
 G = Mean time per level.
                   A        B        C        D        E       F      G
               +--------+--------+--------+--------+--------+-----+--------+
         Total |   6320 |   6029 |    291 |   1146 |   3590 |   8 |  790.0 |
       Dungeon |   6034 |   5743 |    291 |   1146 |   3428 |   7 |  862.0 |
         Sewer |    286 |    286 |      0 |      0 |    162 |   1 |  286.0 |
               +--------+--------+--------+--------+--------+-----+--------+

Top non-repeatable levels by time:
     D:5: 1527 daAuts
     D:6: 1195 daAuts
     D:3: 954 daAuts
     D:2: 774 daAuts
     D:4: 694 daAuts
     D:1: 592 daAuts
     D:7: 297 daAuts
   Sewer: 286 daAuts
